 Dungeon Crawl Stone Soup version 0.29.1-1-gd02db6906a (webtiles) character file.

Game seed: 54687496461587371

116 tardwrangler69 the Slasher (level 4, -4/41 HPs)
             Began as a Minotaur Chaos Knight on Sept 28, 2022.
             Was a Plaything of Xom.
             Splashed by a jelly's acid (9 damage)
             ... on level 4 of the Dungeon.
             The game lasted 00:01:58 (1941 turns).

tardwrangler69 the Slasher (Minotaur Chaos Knight)  Turns: 1941, Time: 00:01:59

Health: -4/41      AC: -6    Str: 17    XL:     4   Next: 69%
Magic:  3/3        EV: 11    Int:  9    God:    Xom [......]
Gold:   106        SH:  0    Dex: 13    Spells: 3/3 levels left

rFire   . . .      SeeInvis .   r - +6 short sword of Impermanence {vamp, Dex+2}
rCold   . . .      Faith    .   g - orb {mayhem}
rNeg    + + .      Spirit   .   b - +2 leather armour
rPois   .          Reflect  .   (helmet restricted)
rElec   .          Harm     .   (no cloak)
rCorr   .          Rampage  .   (no gloves)
Will    .....                   (no boots)
Stlth   +.........              (no amulet)
HPRegen 0.13/turn               f - ring of positive energy
MPRegen 0.08/turn               l - ring of positive energy

@: corroded
A: horns 2, retaliatory headbutt
a: Renounce Religion


You were on level 4 of the Dungeon.
You worshipped Xom.
You were a very special plaything of Xom.
You visited 1 branch of the dungeon, and saw 5 of its levels.

You collected 106 gold pieces.

Inventory:

Hand Weapons
 a - a +0 falchion of chaos
 r - the +6 short sword of Impermanence (weapon) {vamp, Dex+2}
   (You found it on level 2 of the Dungeon)

   It occasionally heals its wielder for a portion of the damage dealt when it
   wounds a living foe.
   Dex:       It affects your dexterity (+2).
Armour
 b - a +2 leather armour (worn)
 g - an orb of mayhem (worn)
Jewellery
 f - a ring of positive energy (left hand)
 l - a ring of positive energy (right hand)
Scrolls
 h - 4 scrolls of identify {unknown}
 i - 3 scrolls of enchant weapon {unknown}
 j - a scroll of silence {unknown}
 m - a scroll of fear {unknown}
 o - a scroll of enchant armour {unknown}
 p - a scroll of vulnerability {unknown}
 q - a scroll of fog {unknown}
 s - a scroll of noise {unknown}
Potions
 d - a potion of magic {unknown}
 e - 2 potions of berserk rage {unknown}
 k - 2 potions of curing {unknown}
 n - a potion of invisibility {unknown}
Miscellaneous
 c - a piece from Xom's chessboard (15/15) (quivered)


   Skills:
 + Level 4.8 Fighting
 * Level 2.2(3.7) Short Blades
 - Level 5.1(5.4) Long Blades
 - Level 2.4 Armour
 - Level 1.1 Dodging


You had 3 spell levels left.
You didn't know any spells.
Your spell library contained the following spells:

 Spells                   Type           Power      Damage    Failure   Level
 Call Canine Familiar     Summ           0%         N/A       82%         3
 Portal Projectile        Hex/Tloc       0%         N/A       82%         3
 Leda's Liquefaction      Hex/Erth       0%         N/A       99%         4


Dungeon Overview and Level Annotations

Branches:
Dungeon (5/15)
 Temple: D:4-7

Altars:
Elyvilon

Shops:
D:1 (


Innate Abilities, Weirdness & Mutations

You have a pair of horns on your head.
You reflexively headbutt those who attack you in melee.


Message History

The iguana hisses angrily.
An iguana is nearby!
You hit the iguana but do no damage. You hit the iguana.
Your headbutt misses the iguana.
The iguana is moderately wounded.
The iguana bites you.
You hit the iguana.
You feel better.
You headbutt the iguana.
The iguana is heavily wounded. "Let's go for a ride!"
Your surroundings suddenly seem different.
A jelly and a kobold come into view.
The kobold is wielding a +0 short sword and quivering poisoned darts.
Found a stone staircase leading down.
The helpless kobold fails to defend itself.
You puncture the kobold!
You kill the kobold!
The jelly quivers.
The jelly flies into a frenzy!
The jelly barely misses you.
You puncture the jelly!
You feel better. The acid corrodes you!
Your hands burn!
You headbutt the jelly.
The jelly is severely wounded.
The jelly misses you.
You barely miss the jelly.
The jelly is severely wounded.
The jelly hits you.
You are splashed with acid!
You hit the jelly.
You feel better.
Your hands burn!
The jelly is severely wounded.
The jelly hits you. The acid corrodes you!
You are splashed with acid!
The jelly hits you. The acid corrodes you!
You are splashed with acid!
* * * LOW HITPOINT WARNING * * *
You are too injured to fight recklessly!
You are too injured to fight recklessly!
You barely miss the jelly.
You headbutt the jelly, but do no damage.
The jelly is severely wounded.
The jelly hits you.
* * * LOW HITPOINT WARNING * * *
You are splashed with acid!
You die...
Xom thinks this is hilarious!

. .# ..# # ..
###.######>#
#.....)....#
#.....J@...#
#..........#
#..........#
#..........#
#..........#
#..........#
#...........
#............


You could see a neutral jelly (fast, strong, insane).

Vanquished Creatures
  2 orc wizards (D:3)
  An adder (D:2)
  2 dart slugs (D:1)
  3 orcs
  8 ball pythons
  3 bats
  An endoplasm (D:2)
  2 giant cockroaches (D:1)
  5 goblins
  6 hobgoblins
  2 quokkas (D:1)
  3 frilled lizards
  6 kobolds
  4 rats
48 creatures vanquished.

Vanquished Creatures (collateral kills)
  An endoplasm (D:2)
  A giant cockroach (D:2)
2 creatures vanquished.

Vanquished Creatures (others)
  A rat (D:1)
1 creature vanquished.

Grand Total: 51 creatures vanquished

Notes
Turn   | Place    | Note
-------+----------+-------------------------------------------
     0 | D:1      | tardwrangler69 the Minotaur Chaos Knight began the quest
                  | for the Orb.
     0 | D:1      | Reached XP level 1. HP: 19/19 MP: 0/0
    62 | D:1      | Reached skill level 4 in Long Blades
   131 | D:1      | Reached XP level 2. HP: 27/27 MP: 1/1
   327 | D:1      | XOM: divination: detect items
   751 | D:1      | Found Naifir's Weapon Boutique.
   818 | D:2      | Reached XP level 3. HP: 27/33 MP: 2/2
   843 | D:2      | XOM: divination: detect creatures
   957 | D:2      | XOM: silly message
  1030 | D:2      | Identified the +6 short sword of Impermanence {vamp, Dex+2}
  1273 | D:2      | Reached skill level 5 in Long Blades
  1474 | D:2      | Found a faded altar of an unknown god.
  1655 | D:3      | Reached skill level 1 in Short Blades
  1655 | D:3      | Reached XP level 4. HP: 24/41 MP: 3/3
  1770 | D:3      | Found a white marble altar of Elyvilon.
  1871 | D:3      | You fall into a shaft and drop 2 floors!
  1871 | D:5      | Entered Level 5 of the Dungeon
  1923 | D:5      | Noticed a water moccasin
  1923 | D:5      | Noticed a phantom
  1936 | D:4      | XOM: 1-stop teleportation journey
  1941 | D:4      | Splashed by a jelly's acid

Illustrated notes

Levels and vault maps discovered:
D:1:      dpeg_arrival_refuge, layout_basic, serial_corexii_hall,
          chequers_hall_statues_y, corexii_hall_statues_t,
          corexii_hall_statues_x, chequers_hall_statues_wall_a,
          chequers_hall_statues_wall_a, corexii_hall_statues_l, serial_shops,
          shop, chequers_serial_rivers_micro_c, st_stairs_10, minivault_23,
          minmay_misc_feat_diagonals
D:2:      layout_loops_cross, hellmonk_ecumenical_altar_inner_sanctum,
          minmay_splitting_lines, minmay_pentomino_p4
D:3:      layout_loops_ring, slow_altar_2, lemuel_doored_altar
D:4:      layout_rooms, okawaru_altar_gauntlet_db
D:5:      layout_layer_cave, mainiacjoe_overflow_alcove_4

Skill      XL: |  1  2  3  4 |
---------------+-------------+-----
Long Blades    | 4 5 |  5.1
Fighting       | 4 |  4.8
Short Blades   | 1 2 |  2.2
Armour         | |  2.4
Dodging        | |  1.1

Action                   |  1- 3 |  4- 6 || total
-------------------------+-------+-------++-------
Melee: Falchion          |    79 |       ||    79
       Headbutt          |     9 |     4 ||    13
       Short sword       |     3 |    24 ||    27
 Stab: Confused          |     2 |       ||     2
       Sleeping          |     1 |     1 ||     2
Armor: Leather armour    |    42 |     5 ||    47
Dodge: Dodged            |    51 |     9 ||    60
